 Dungeon Crawl Stone Soup version 0.25.1-2-g60ff931df9 (webtiles) character file.

Game seed: 8591354760748982164

3615 Exodus22XD the Spear-Bearer (level 9, 0/66 HPs)
             Began as a Demonspawn Gladiator on Oct 31, 2020.
             Was a Follower of Uskayaw.
             Slain by a blink frog (14 damage)
             ... on level 1 of the Lair of Beasts.
             The game lasted 00:11:55 (9026 turns).

Exodus22XD the Spear-Bearer (Demonspawn Gladiator)  Turns: 9026, Time: 00:11:56

Health: 0/66       AC: 15    Str: 23    XL:     9   Next: 86%
Magic:  13/13      EV: 13    Int:  9    God:    Uskayaw [*.....]
Gold:   444        SH:  6    Dex: 15    Spells: 8/8 levels left

rFire    x . .     SeeInvis .   a - +1 trident
rCold    . . .     Gourm    .   (no shield)
rNeg     . . .     Faith    .   o - +4 ring mail "Yraeleoh" {rF- Str+5}
rPois    +         Spirit   .   c - +0 helmet
rElec    .         Reflect  .   B - +1 cloak {rPois}
rCorr    .         Harm     .   (no gloves)
MR       .....                  e - +1 pair of boots
Stlth    +++++.....             (no amulet)
HPRegen  0.21/turn              m - ring of poison resistance
MPRegen  0.13/turn              (no ring)

@: no status effects
A: talons 1, large bone plates 2, demonic guardian 1, nightstalker 2
a: Stomp, Renounce Religion


You were on level 1 of the Lair of Beasts.
You worshipped Uskayaw.
Uskayaw was noncommittal.
You were not hungry.

You visited 3 branches of the dungeon, and saw 10 of its levels.
You also visited: Sewer.

You collected 606 gold pieces.
You spent 162 gold pieces at shops.

Inventory:

Hand Weapons
 a - a +1 trident (weapon)
Missiles
 d - 5 throwing nets (quivered)
Armour
 c - a +0 helmet (worn)
 e - a +1 pair of boots (worn)
 o - the +4 ring mail "Yraeleoh" (worn) {rF- Str+5}
   (You bought it in a shop on level 6 of the Dungeon)

   It affects your strength (+5).
   It makes you vulnerable to fire.
 B - a +1 cloak of poison resistance (worn)
Jewellery
 m - a ring of poison resistance (left hand)
Wands
 s - a wand of acid (6)
 v - a wand of enslavement (4)
Scrolls
 b - a scroll of magic mapping
 g - 4 scrolls of teleportation
 h - 2 scrolls of amnesia
 i - 4 scrolls of enchant weapon
 j - 3 scrolls of fear
 l - a scroll of remove curse
 w - a scroll of vulnerability {unknown}
 x - a scroll of blinking {unknown}
 y - a scroll of fog {unknown}
 A - 2 scrolls of enchant armour
Potions
 k - 5 potions of curing
 n - 2 potions of lignification
 p - 4 potions of heal wounds
 q - a potion of brilliance {unknown}
 r - a potion of invisibility {unknown}
 t - a potion of berserk rage {unknown}
 u - a potion of degeneration {unknown}
 z - a potion of might {unknown}
 C - a potion of stabbing {unknown}
Comestibles
 f - 10 rations


   Skills:
 + Level 4.5 Fighting
 + Level 8.2 Polearms
 - Level 1.7 Throwing
 + Level 4.3 Armour
 + Level 4.5 Dodging
 * Level 7.2 Stealth
 * Level 5.3 Invocations


You had 8 spell levels left.
You didn't know any spells.
Your spell library was empty.

Dungeon Overview and Level Annotations

Branches:
Dungeon (8/15)             Temple (1/1) D:5            Lair (1/6) D:8
  Sewer (visited)

Altars:
Ashenzari
Cheibriados
Dithmenos
Elyvilon
Fedhas
Gozag
Hepliaklqana
Kikubaaqudgha
Makhleb
Nemelex Xobeh
Okawaru
Qazlal
Ru
Sif Muna
Trog
Uskayaw
Vehumet
Wu Jian
Xom
Yredelemnul
Zin
The Shining One

Shops:
D:6 =[

Annotations:
D:3 3 runed translucent doors, TangoThomas's ghost, amateur TeFE; UnDebs's ghost, amateur MfMo
D:4 1 runed translucent door, Alannah's ghost, novice GrHu
D:7 2 transporters, Revguard's ghost, novice DgEE
D:8 4 runed translucent doors


Innate Abilities, Weirdness & Mutations

You have sharp toenails.
You are mostly covered in large bone plates. (SH +6)
A weak demonic guardian rushes to your aid.
You are significantly more attuned to the shadows.


Message History

You catch the helpless seven-headed hydra completely off-guard!
You hit the seven-headed hydra.
The seven-headed hydra is heavily wounded.
You block the blink frog's attack.
The blink frog hits you but does no damage.
Your white imp gestures at the seven-headed hydra.
The puff of frost hits the seven-headed hydra!
The blink frog hits you!
* * * LOW HITPOINT WARNING * * *
The seven-headed hydra bites your white imp!
Your white imp dies!
Attack whom?
Press: ? - help, Dir - move target cursor, f/p - seven-headed hydra
Aim: a seven-headed hydra (severely wounded, unaware, slow, hasn't noticed you)
You reach to attack!
The seven-headed hydra roars!
You puncture the seven-headed hydra!
The seven-headed hydra is almost dead.
The blink frog hits you!
You die...

##... ..... ###....#
##.....# #.....# .#
###5.FD.# #.. ###
#...@F..#
##.^##.####....F.F#
#..............##...
.......†.....###
#..P ........#....##
... ##...##..######
#.... ##.#
##..###.####
.............


You could see a seven-headed hydra (slow), 4 blink frogs and a friendly shadow
imp (summoned).

Vanquished Creatures
  Maurice (D:8)
  A hippogriff (D:8)
  Sigmund (D:2)
  A spriggan (D:7)
  6 yaks (D:8)
  A water moccasin (Lair:1)
  An ice beast (D:7)
  2 black bears
  An ogre (D:5)
  4 phantoms
  3 bullfrogs
  A scorpion (D:4)
  5 wights (D:7)
  2 howler monkeys (D:6)
  4 crimson imps
  A jelly (D:7)
  2 orc wizards (D:3)
  A bullfrog skeleton (D:8)
  3 hounds
  An iguana (D:6)
  A killer bee zombie (D:5)
  11 gnolls
  9 adders
  2 river rats (Sewer)
  2 shadow imps (D:6)
  An ooze (Sewer)
  An adder skeleton (D:6)
  6 worms
  3 dart slugs
  5 leopard geckos
  8 orcs
  9 giant cockroaches
  13 goblins
  11 hobgoblins
  12 jackals
  15 kobolds
  3 quokkas
  5 ball pythons
  12 bats
  4 frilled lizards
  9 rats
184 creatures vanquished.

Vanquished Creatures (collateral kills)
  A centaur (D:6)
  A hound (D:4)
  A worker ant (D:8)
  2 gnolls (D:5)
  An orc (D:3)
  A giant cockroach (D:3)
  A frilled lizard (D:5)
8 creatures vanquished.

Grand Total: 192 creatures vanquished

Notes
Turn   | Place    | Note
-------+----------+-------------------------------------------
     0 | D:1      | Exodus22XD the Demonspawn Gladiator began the quest for the
                  | Orb.
     0 | D:1      | Reached XP level 1. HP: 16/16 MP: 1/1
   131 | D:1      | Reached skill level 3 in Polearms
   229 | D:1      | Gained mutation: A weak demonic guardian rushes to your
                  | aid. [demonic ancestry]
   229 | D:1      | Reached XP level 2. HP: 15/22 MP: 2/2
   541 | D:1      | Reached XP level 3. HP: 27/27 MP: 3/3
  1048 | D:2      | Noticed Sigmund
  1057 | D:2      | Killed Sigmund
  1057 | D:2      | Reached skill level 4 in Polearms
  1057 | D:2      | Reached skill level 1 in Armour
  1057 | D:2      | Gained mutation: You are slightly more attuned to the
                  | shadows. [demonic ancestry]
  1057 | D:2      | Reached XP level 4. HP: 24/34 MP: 4/4
  1057 | D:2      | Gained mutation: You are partially covered in large bone
                  | plates. (SH +4) [demonic ancestry]
  1057 | D:2      | Reached XP level 5. HP: 27/39 MP: 5/5
  1704 | D:2      | Found a faded altar of an unknown god.
  1721 | D:2      | Found a shadowy altar of Dithmenos.
  1721 | D:2      | Found a white marble altar of Elyvilon.
  2131 | D:3      | Gained mutation: You are significantly more attuned to the
                  | shadows. [demonic ancestry]
  2131 | D:3      | Reached XP level 6. HP: 46/46 MP: 6/6
  2296 | D:3      | Reached skill level 5 in Polearms
  2296 | D:3      | Reached skill level 1 in Stealth
  2730 | D:3      | Found a runed translucent gate.
  2730 | D:3      | Found a runed translucent gate.
  2730 | D:3      | Found a runed translucent gate.
  2731 | D:3      | Noticed TangoThomas's ghost (amateur TeFE)
  2731 | D:3      | Noticed UnDebs's ghost (amateur MfMo)
  3089 | D:4      | Noticed Alannah's ghost (novice GrHu)
  3093 | D:4      | Found a runed translucent door.
  3192 | D:4      | Reached XP level 7. HP: 25/52 MP: 7/7
  3845 | D:5      | Entered Level 5 of the Dungeon
  4591 | D:5      | Found a staircase to the Ecumenical Temple.
  4609 | D:5      | Reached skill level 6 in Polearms
  4612 | Temple   | Entered the Ecumenical Temple
  4651 | Temple   | Became a worshipper of Uskayaw the Reveler
  4958 | D:5      | Reached * piety under Uskayaw
  4963 | D:5      | Gained mutation: You are mostly covered in large bone
                  | plates. (SH +6) [demonic ancestry]
  4963 | D:5      | Reached XP level 8. HP: 58/58 MP: 8/8
  4963 | D:5      | Reached ** piety under Uskayaw
  4986 | D:5      | Reached skill level 1 in Invocations
  5058 | D:5      | Found an ornate altar of the Wu Jian Council.
  5316 | D:6      | Reached *** piety under Uskayaw
  5320 | D:6      | Reached **** piety under Uskayaw
  5324 | D:6      | Reached ***** piety under Uskayaw
  5618 | D:6      | Found Zatocyvo's Jewellery Emporium.
  5934 | D:6      | Found a glowing drain.
  5953 | Sewer    | Entered a sewer
  6626 | D:6      | Found Bionur's Antique Armour Boutique.
  6632 | D:6      | Bought a polished ring mail for 162 gold pieces
  6643 | D:6      | Identified the +4 ring mail "Yraeleoh" {rF- Str+5} (You
                  | bought it in a shop on level 6 of the Dungeon)
  6770 | D:7      | Found a transporter.
  6770 | D:7      | Found a transporter.
  6770 | D:7      | Noticed a troll
  6796 | D:7      | Noticed a moth of wrath
  6797 | D:7      | Noticed Revguard's ghost (novice DgEE)
  7013 | D:7      | Reached skill level 5 in Stealth
  7251 | D:7      | Found a radiant altar of Vehumet.
  7456 | D:7      | Reached skill level 7 in Polearms
  7460 | D:7      | Gained mutation: You have sharp toenails. [demonic
                  | ancestry]
  7460 | D:7      | Reached XP level 9. HP: 63/65 MP: 11/11
  8201 | D:8      | Found a glowing golden altar of the Shining One.
  8233 | D:8      | Found a staircase to the Lair.
  8255 | D:8      | Found a huge runed translucent gate.
  8256 | D:8      | Found a huge runed translucent gate.
  8256 | D:8      | Noticed a polar bear
  8257 | D:8      | Found a huge runed translucent gate.
  8258 | D:8      | Found a huge runed translucent gate.
  8262 | D:8      | Noticed a polar bear
  8263 | D:8      | Noticed a polar bear
  8265 | D:8      | Noticed a death yak
  8291 | D:8      | Noticed Maurice
  8303 | D:8      | Reached skill level 5 in Invocations
  8763 | D:8      | Killed Maurice
  8763 | D:8      | Reached skill level 8 in Polearms
  8988 | Lair:1   | Entered Level 1 of the Lair of Beasts
  9016 | Lair:1   | Noticed a seven-headed hydra
  9026 | Lair:1   | Slain by a blink frog

Illustrated notes

Levels and vault maps discovered:
D:1:      mrwooster_arrival_statue_2, layout_basic, minmay_hexomino_u4
D:2:      cheibrodos_greedy_goblins, layout_basic,
          gammafunk_temple_overflow_wave,
          chequers_ecumenical_altar_simple_redux, uniq_sigmund
D:3:      layout_rooms, gammafunk_ghost_cemetery
D:4:      layout_rooms, hellmonk_ghost_happy_afterlife, first_ration
D:5:      minmay_evil_eye, layout_basic, lemuel_doored_altar,
          minmay_temple_entry_tees, minmay_misc_feat_x
D:6:      layout_cave_pools, cheibrodos_sewer_entry_bend, serial_shops, shop,
          minmay_shop_enchanted_jewellery
D:7:      layout_loops_cross, basic_altar, gammafunk_ghost_wrathful_warriors,
          the_bakery
D:8:      lemuel_bear_cage, layout_basic, tso_altar, uniq_maurice
Temple:   dpeg_five_rooms_temple
Lair:1:   layout_concentric_octagons, grunt_megastairs_2, lemuel_fruit_fields,
          lemuel_fruit_tree

Skill      XL: |  1  2  3  4  5  6  7  8  9 |
---------------+----------------------------+-----
Polearms       | 3 4 5 6 7 8 |  8.2
Dodging        | 3 4 |  4.5
Armour         | 1 2 3 4 |  4.3
Stealth        | 2 3 5 7 |  7.2
Fighting       | 3 4 |  4.5
Invocations    | 3 5 |  5.3
Throwing       | |  1.7

Action                   |  1- 3 |  4- 6 |  7- 9 || total
-------------------------+-------+-------+-------++-------
Melee: Trident           |   119 |   233 |   512 ||   864
  Use: Potion            |       |     2 |     1 ||     3
       Scroll            |       |       |    11 ||    11
 Stab: Sleeping          |       |    12 |    25 ||    37
       Distracted        |       |     4 |     4 ||     8
       Paralysed         |       |       |    10 ||    10
  Eat: Chunk             |     1 |     5 |    16 ||    22
       Ration            |       |       |     2 ||     2
Armor: Ring mail         |    42 |    61 |    95 ||   198
Dodge: Dodged            |    65 |   129 |   213 ||   407
Block: Other             |       |    33 |    95 ||   128
